 Dungeon Crawl Stone Soup version 0.22-a0-284-g99d1f74 (webtiles) character file.

35078 grindst0ne the Cleaver (level 14, -2/133 HPs)
             Began as a Formicid Fighter on Mar 20, 2018.
             Was a Priest of the Shining One.
             Slain by a 16-headed hydra (3 damage)
             ... on level 5 of the Lair of Beasts.
             The game lasted 01:02:24 (19398 turns).

grindst0ne the Cleaver (Formicid Fighter)          Turns: 19398, Time: 01:02:25

Health: -2/133     AC: 20    Str: 22    XL:     14   Next: 16%
Magic:  17/17      EV:  9    Int: 11    God:    the Shining One [***...]
Gold:   520        SH: 12    Dex: 11    Spells: 9/13 levels left

rFire    . . .     SeeInvis +   b - +4 scimitar (holy)
rCold    + . .     Gourm    .   c - +0 shield
rNeg     + + .     Faith    .   p - +0 plate armour
rPois    +         Spirit   .   (helmet unavailable)
rElec    .         Reflect  .   J - +1 cloak
rCorr    .         Harm     .   N - +3 pair of gauntlets of War {Slay+5}
MR       +....                  n - +0 pair of boots
Stlth    ..........             E - amulet of Vitality {Regen+ HP+15}
HPRegen  0.72/turn              d - ring of positive energy
MPRegen  0.15/turn              t - ring "Zialat" {*Corrode +Blink rPois rC+ Stlth-}

@: corroded, glowing
A: permanent stasis, dig shafts and tunnels, four strong arms, antennae 3
a: Dig, Shaft Self, Divine Shield, Renounce Religion


You were on level 5 of the Lair of Beasts.
You worshipped the Shining One.
The Shining One was most pleased with you.
You were not hungry.

You visited 2 branches of the dungeon, and saw 15 of its levels.
You also visited: Labyrinth and Bailey.

You collected 792 gold pieces.
You spent 272 gold pieces at shops.

Inventory:

Hand Weapons
 a - a +0 battleaxe
 b - a +4 scimitar of holy wrath (weapon)
Missiles
 o - 2 javelins of penetration (quivered)
 H - 27 steel javelins
 S - 4 throwing nets
Armour
 c - a +0 shield (worn)
 n - a +0 pair of boots (worn)
 p - a +0 plate armour (worn)
 J - a +1 cloak (worn)
 N - the +3 pair of gauntlets of War (worn) {Slay+5}
   (You found it in a labyrinth)

   It affects your accuracy and damage with ranged weapons and melee attacks
   (+5).
Jewellery
 d - a ring of positive energy (left hand)
 m - an uncursed ring of fire
 s - a +2 ring of intelligence
 t - the ring "Zialat" (right hand) {*Corrode +Blink rPois rC+ Stlth-}
   (You took it off an orc in a bailey)

   [ring of loudness]

   It protects you from cold.
   It protects you from poison.
   It lets you blink.
   It may corrode you when you take damage.
   It makes you less stealthy.
 E - the amulet of Vitality (around neck) {Regen+ HP+15}
   (You found it on level 3 of the Lair of Beasts)

   [amulet of regeneration]

   It affects your health (+15).
   It increases your rate of regeneration.
Wands
 l - a wand of scattershot (3)
 v - a wand of paralysis (26)
 A - a wand of disintegration (19)
 K - a wand of acid (22)
 M - a wand of polymorph (4)
Scrolls
 e - 7 scrolls of remove curse
 g - 4 scrolls of enchant weapon
 h - a scroll of fear
 i - 3 scrolls of amnesia
 j - a scroll of enchant armour
 q - a scroll of identify
 x - 2 scrolls of fog
 y - a scroll of silence {unknown}
 F - a scroll of brand weapon
 I - a scroll of random uselessness {unknown}
 L - a scroll of vulnerability
 O - a scroll of holy word
Potions
 r - 4 potions of curing
 w - 2 potions of resistance
 B - a potion of lignification
 D - a potion of cancellation
 G - a potion of flight
 P - 2 potions of brilliance
Miscellaneous
 Q - a fan of gales
 R - a phial of floods
Comestibles
 f - 22 rations


   Skills:
 - Level 13.0 Fighting
 + Level 13.1 Axes
 + Level 12.7 Armour
 - Level 5.3 Dodging
 - Level 9.6 Shields
 + Level 4.2 Invocations
 + Level 3.7 Evocations


You had 9 spell levels left.
You knew the following spells:

 Your Spells              Type           Power        Failure   Level  Hunger
a - Passwall              Tmut/Erth      #.........   99%         2    ###....
b - Song of Slaying       Chrm           #.......     99%         2    ###....


Dungeon Overview and Level Annotations

Branches:
Dungeon (11/15)            Temple (0/1) D:7            Lair (5/6) D:8
  Swamp (0/4) Lair:2       Spider (0/4) Lair:2        Slime (0/5) Lair:5
    Orc (0/2) D:9

Altars:
Gozag
Makhleb
Vehumet
Yredelemnul
The Shining One

Shops:
D:6 *   D:9 !

Annotations:
D:6 1 runed door
D:7 exclusion: downstairs


Innate Abilities, Weirdness & Mutations

You cannot be hasted, slowed, berserked, paralysed or teleported.
You can dig through walls and to a lower floor.
Your four strong arms can wield two-handed weapons with a shield.
You have a pair of large antennae on your head. (SInv)


Message History

You extend your mandibles.
You dig through the rock wall.
You block the 16-headed hydra's attack. The 16-headed hydra bites you.
* * * LOW HITPOINT WARNING * * *
The 16-headed hydra bites you but does no damage.
The 16-headed hydra bites you!
* * * LOW HITPOINT WARNING * * *
The 16-headed hydra bites you but does no damage.
You block the 16-headed hydra's attack. The 16-headed hydra bites you!
* * * LOW HITPOINT WARNING * * *
The 16-headed hydra bites you.
* * * LOW HITPOINT WARNING * * *
You block the 16-headed hydra's attack. The 16-headed hydra bites you.
* * * LOW HITPOINT WARNING * * *
The 16-headed hydra closely misses you.
The 16-headed hydra bites you but does no damage.
The 16-headed hydra barely misses you.
The 16-headed hydra bites you but does no damage.
The 16-headed hydra bites you.
You die...

#/...#*,*** **,*,* #..P#****
***** #..## ##..# *###**** #..##
*#..#*,,* ##.## **....,,,,
#*#..###### *P....,,,,
#.#..D##..####P..<.,,,,
*#....@.....#......,,,,
##..............#,,**,
####..###.....##*****
#####)......# ##....#.##
####.....#.# #.#.....#.#* ***
###############.....##..#*****,*
##P..##...##P..P........###,,,,,,


You could see a 16-headed hydra.

Vanquished Creatures
  Gastronok (D:8)
  A minotaur (Lab)
  The ghost of Fingolfin the Disciple, a journeyman NaWz of Sif Muna (D:8)
  4 hydras
  Harold (Lair:1)
  Fannar (D:11)
  A two-headed ogre (D:8)
  The ghost of ohad the Martial Artist, a journeyman OpTm of Makhleb (D:11)
  A tengu warrior (D:11)
  Nergalle (D:11)
  The ghost of darksquall the Grave Robber, a novice OgNe (D:5)
  An orc knight (Bailey)
  An ugly thing (D:11)
  Maurice (D:10)
  Joseph (D:9)
  6 black mambas
  A gargoyle (D:11)
  7 spiny frogs
  2 rime drakes
  4 komodo dragons
  2 meliai (Lair:5)
  2 trolls
  A tyrant leech (Lair:2)
  A hornet (D:9)
  6 hippogriffs
  2 vampires (D:9)
  2 wraiths (D:11)
  8 yaks
  A fire bat (D:4)
  A basilisk (Lair:2)
  9 water moccasins
  A black bear (D:6)
  4 porcupines
  21 orc warriors
  5 sky beasts
  An ice beast (D:11)
  An eye of draining (D:11)
  A phantom (D:4)
  4 wolves (Lair:2)
  3 centaurs
  10 ogres
  9 crocodiles
  A big kobold (D:9)
  18 bullfrogs
  A gnoll sergeant (D:6)
  2 wyvern zombies (D:11)
  2 scorpions
  A killer bee (D:6)
  2 howler monkeys
  2 electric eels (D:9)
  A crimson imp (D:9)
  A quasit (D:8)
  A bullfrog zombie (D:11)
  A bullfrog skeleton (D:5)
  2 hounds
  A jelly (D:10)
  10 orc priests
  3 centaur skeletons
  5 iguanas
  12 orc wizards
  10 worker ants
  A hound zombie (D:8)
  A howler monkey zombie (D:7)
  11 gnolls
  16 adders
  4 shadow imps
  An adder zombie (D:9)
  5 worms
  3 dart slugs
  49 orcs
  A ball python (D:1)
  6 bats
  10 giant cockroaches
  3 hobgoblins
  3 jackals (D:2)
  2 quokkas
  2 frilled lizards
  6 goblins
  13 kobolds
  A leopard gecko skeleton (D:5)
  8 rats
  A butterfly (D:6)
  A fungus (Lair:2)
357 creatures vanquished.

Vanquished Creatures (others)
  2 fungi (D:8)
2 creatures vanquished.

Grand Total: 359 creatures vanquished

Notes
Turn   | Place    | Note
-------+----------+-------------------------------------------
     0 | D:1      | grindst0ne the Formicid Fighter began the quest for the Orb.
     0 | D:1      | Reached XP level 1. HP: 18/18 MP: 1/1
   226 | D:1      | Reached XP level 2. HP: 24/24 MP: 2/2
   604 | D:1      | Reached XP level 3. HP: 30/30 MP: 3/3
   874 | D:2      | Reached XP level 4. HP: 37/37 MP: 4/4
  1221 | D:2      | Reached skill level 5 in Shields
  1427 | D:3      | Reached XP level 5. HP: 26/43 MP: 5/5
  1824 | D:3      | You fall through a shaft!
  1866 | D:4      | Found a transporter.
  1868 | D:4      | Noticed a fire bat
  1887 | D:4      | Reached skill level 5 in Fighting
  2343 | D:4      | Reached XP level 6. HP: 20/51 MP: 6/6
  2936 | D:4      | Found a transporter.
  3019 | D:4      | Noticed a phantom
  3037 | D:4      | Killed a phantom
  3263 | D:4      | Killed a fire bat
  3263 | D:4      | Reached XP level 7. HP: 57/57 MP: 7/7
  3297 | D:5      | Entered Level 5 of the Dungeon
  3901 | D:5      | Reached XP level 8. HP: 27/65 MP: 8/8
  3931 | D:5      | Noticed darksquall's ghost (novice OgNe)
  4197 | D:5      | Killed darksquall's ghost
  4197 | D:5      | Reached skill level 5 in Axes
  4314 | D:5      | Reached XP level 9. HP: 61/73 MP: 9/9
  5047 | D:6      | Found a runed door.
  5061 | D:6      | Found a runed door.
  5378 | D:6      | Found Bushred's General Store.
  5389 | D:6      | Bought a scroll of identify for 24 gold pieces
  5389 | D:6      | Bought a scroll of identify for 24 gold pieces
  6081 | D:7      | Found a flagged portal.
  6099 | Bailey   | Entered a bailey
  7064 | Bailey   | Reached XP level 10. HP: 74/83 MP: 10/10
  7067 | Bailey   | Got a warped granite ring
  7829 | Bailey   | Identified the ring "Zialat" {*Corrode +Blink rPois rC+ Stlth-} (You took it off an orc in a bailey)
  8108 | Bailey   | Noticed an orc knight
  8146 | Bailey   | Killed an orc knight
  8146 | Bailey   | Reached skill level 5 in Armour
  8164 | Bailey   | Reached skill level 10 in Axes
  8164 | Bailey   | Reached XP level 11. HP: 48/93 MP: 11/11
  8836 | D:7      | Found a glowing golden altar of the Shining One.
  8843 | D:7      | Became a worshipper of the Shining One
  8963 | D:7      | Found a staircase to the Ecumenical Temple.
  8982 | D:7      | Got a warped rapier
  9913 | D:8      | Noticed Gastronok
 10219 | D:8      | Noticed Fingolfin's ghost (journeyman NaWz)
 10446 | D:8      | Killed Fingolfin's ghost
 10625 | D:8      | Noticed a two-headed ogre
 10643 | D:8      | Killed a two-headed ogre
 10796 | D:8      | Reached * piety under the Shining One
 10824 | D:8      | Found a staircase to the Lair.
 10967 | D:9      | Found Mogiupul's Distillery.
 10971 | D:9      | Bought a potion of lignification for 48 gold pieces
 10971 | D:9      | Bought a potion of agility for 64 gold pieces
 10971 | D:9      | Bought a potion of heal wounds for 80 gold pieces
 10971 | D:9      | Bought 2 potions of degeneration for 32 gold pieces
 11081 | D:9      | Reached XP level 12. HP: 53/102 MP: 12/12
 11262 | D:9      | Learned a level 2 spell: Passwall
 11265 | D:9      | Learned a level 2 spell: Song of Slaying
 11275 | D:9      | Noticed Joseph
 11292 | D:9      | Killed Joseph
 12322 | D:9      | Reached skill level 10 in Armour
 12545 | D:9      | Found a staircase to the Orcish Mines.
 12556 | D:9      | Reached ** piety under the Shining One
 12861 | D:10     | Entered Level 10 of the Dungeon
 13181 | D:10     | Noticed Maurice
 13207 | D:10     | Killed Maurice
 13482 | D:11     | Noticed a six-headed hydra
 13487 | D:11     | Killed a six-headed hydra
 13580 | D:11     | Noticed ohad's ghost (journeyman OpTm)
 13610 | D:11     | Killed ohad's ghost
 13777 | D:11     | Noticed Nergalle
 13802 | D:11     | Killed Nergalle
 13802 | D:11     | Reached skill level 1 in Dodging
 14005 | D:11     | Noticed a six-headed hydra
 14011 | D:11     | Killed a six-headed hydra
 14193 | D:11     | Noticed a tengu warrior
 14228 | D:11     | Killed a tengu warrior
 14403 | D:11     | Reached XP level 13. HP: 77/111 MP: 13/13
 14662 | D:11     | Noticed Fannar
 14676 | D:11     | Killed Fannar
 14709 | D:11     | Found a burning altar of Makhleb.
 14709 | D:11     | Found a basalt altar of Yredelemnul.
 14710 | D:11     | Found a radiant altar of Vehumet.
 14710 | D:11     | Found an opulent altar of Gozag.
 14824 | D:11     | Reached *** piety under the Shining One
 15011 | D:8      | Killed Gastronok
 15241 | Lair:1   | Entered Level 1 of the Lair of Beasts
 15291 | Lair:1   | Noticed Harold
 15310 | Lair:1   | Killed Harold
 16284 | Lair:1   | Reached skill level 5 in Dodging
 16808 | Lair:2   | Found a hole to the Spider Nest.
 17026 | Lair:2   | Found a staircase to the Swamp.
 17125 | Lair:2   | Reached skill level 1 in Invocations
 17144 | Lair:2   | Reached skill level 1 in Evocations
 18138 | Lair:3   | Found the amulet of Vitality {Regen+ HP+15}
 18312 | Lair:3   | Noticed a four-headed hydra
 18323 | Lair:3   | Killed a seven-headed hydra
 18582 | Lair:3   | Noticed a five-headed hydra
 18586 | Lair:3   | Killed a five-headed hydra
 18586 | Lair:3   | Reached XP level 14. HP: 118/118 MP: 16/16
 18632 | Lair:3   | You fall through a shaft for 2 floors!
 18732 | Lair:5   | Found a labyrinth entrance.
 18746 | Lab      | Entered a labyrinth
 19073 | Lab      | Noticed a minotaur
 19091 | Lab      | Killed a minotaur
 19107 | Lab      | Found the +3 pair of gauntlets of War {Slay+5}
 19398 | Lair:5   | HP: 6/133 [16-headed hydra (7)]
 19398 | Lair:5   | HP: 1/133 [16-headed hydra (4)]
 19398 | Lair:5   | Slain by a 16-headed hydra

Vault maps used:
D:1:      roderic_dead_forest, minivault_23
D:4:      gammafunk_cloud_chamber, kennysheep_small_spiral
D:5:      first_ration
D:6:      lemuel_insect_pit, serial_shops, shop
D:7:      tso_altar, minmay_temple_entry_trees, enter_bailey_2
D:8:      grunt_lair_entry_orc_guard_hut, uniq_gastronok
D:9:      erik_orc_2, serial_shops, shop, uniq_joseph
D:10:     uniq_maurice
D:11:     minmay_the_grid_octo_tiled_octocenter_mashed,
          hangedman_decor_peaks_small, grunt_ogre_cave, grunt_decor_arrowhead,
          uniq_nergalle, uniq_fannar
Lair:1:   infiniplex_staircase_pool, grunt_megastairs_2, uniq_harold
Lair:2:   minmay_swamp_entry_worms, spider_nest_entry_web_field,
          nicolae_quartered_pool_medium
Lair:3:   lemuel_reptile_caves, minivault_26, nzn_random_ring
Lair:5:   dpeg_slime_entry_enclosed_altar, lab_entry_generic, special_room,
          st_stairs_4, hangedman_lair_unloving_vines
Lab:      labyrinth_mini_lab
Bailey:   bailey_polearm_2, bailey

Skill      XL: |  1  2  3  4  5  6  7  8  9 10 11 12 13 14 |
---------------+-------------------------------------------+-----
Shields        | 4 5 6 7 8 9 |  9.6
Fighting       | 4 5 6 7 9 11 12 13 | 13.0
Axes           | 3 4 5 7 10 11 12 13 | 13.1
Armour         | 8 9 11 12 | 12.7
Dodging        | 3 5 |  5.3
Invocations    | 3 4 |  4.2
Evocations     | 2 3 |  3.7

Action                   |  1- 3 |  4- 6 |  7- 9 | 10-12 | 13-15 || total
-------------------------+-------+-------+-------+-------+-------++-------
Melee: War axe           |    61 |   192 |   326 |   133 |       ||   712
       Mace              |       |       |       |   253 |       ||   253
       Battleaxe         |       |       |       |   216 |   341 ||   557
       Dagger            |       |       |       |     3 |       ||     3
       Scimitar          |       |       |       |       |    13 ||    13
 Fire: Arbalest          |       |       |     4 |     6 |       ||    10
Throw: Tomahawk          |       |       |       |     3 |       ||     3
       Javelin           |       |       |       |     2 |     3 ||     5
Invok: Divine Shield     |       |       |       |       |     1 ||     1
 Abil: Dig               |       |     2 |    17 |    25 |     7 ||    51
Evoke: Wand              |       |       |       |    26 |    14 ||    40
  Use: Potion            |       |       |     5 |     4 |     6 ||    15
       Scroll            |       |       |    12 |     5 |     5 ||    22
  Eat: Chunk             |       |     7 |    13 |    19 |    13 ||    52
       Ration            |       |       |     1 |     3 |     1 ||     5
Armor: Scale mail        |    35 |    62 |    66 |       |       ||   163
       Chain mail        |       |    33 |       |       |       ||    33
       Plate armour      |       |       |    34 |   216 |   164 ||   414
       Skin              |       |       |       |       |    13 ||    13
Dodge: Dodged            |    13 |    64 |    71 |   124 |   107 ||   379
Block: Shield            |    36 |   110 |   166 |   328 |   225 ||   865

Table legend:
 A = Spawn XP
 B = Non-spawn XP
 C = Spawn XP percentage of total XP
 D = Spawn monster count
 E = Non-spawn monster count
 F = Spawn count percentage of total count
 G = Total turns spent on level
                    A         B        C        D         E        F      G
               +---------+---------+-------+---------+---------+-------+---------
         Total |       0 |   45072 |   0.0 |       0 |     355 |   0.0 | 19398
               +---------+---------+-------+---------+---------+-------+---------
           D:1 |       0 |      30 |   0.0 |       0 |       9 |   0.0 |   687
           D:2 |       0 |     101 |   0.0 |       0 |      28 |   0.0 |   717
           D:3 |       0 |      39 |   0.0 |       0 |      16 |   0.0 |   783
           D:4 |       0 |     482 |   0.0 |       0 |      11 |   0.0 |  1358
           D:5 |       0 |    1343 |   0.0 |       0 |      19 |   0.0 |  1322
           D:6 |       0 |    1168 |   0.0 |       0 |      28 |   0.0 |  1230
           D:7 |       0 |     521 |   0.0 |       0 |      13 |   0.0 |  1241
           D:8 |       0 |    6000 |   0.0 |       0 |      37 |   0.0 |  1205
           D:9 |       0 |    3508 |   0.0 |       0 |      49 |   0.0 |  1938
          D:10 |       0 |    1782 |   0.0 |       0 |      10 |   0.0 |   645
          D:11 |       0 |    9429 |   0.0 |       0 |      39 |   0.0 |  1424
        Lair:1 |       0 |    5290 |   0.0 |       0 |      17 |   0.0 |  1435
        Lair:2 |       0 |    3185 |   0.0 |       0 |      17 |   0.0 |   823
        Lair:3 |       0 |    5862 |   0.0 |       0 |      22 |   0.0 |  1133
        Lair:5 |       0 |    2957 |   0.0 |       0 |      13 |   0.0 |   200
           Lab |       0 |    1231 |   0.0 |       0 |       1 |   0.0 |   566
        Bailey |       0 |    2144 |   0.0 |       0 |      26 |   0.0 |  2691
               +---------+---------+-------+---------+---------+-------+---------
